A- EAST
CHARLESTON RIVERDOGS @ FREDERICKSBURG NATIONALS
09/04/2041
 
TOP OF THE 1ST
Charleston RiverDogs batting - Pitching for Fredericksburg Nationals : RHP Reggie Dalton
Pitching: RHP Reggie Dalton
Batting: LHB António Hernández 0-0: Ball
1-0: Ground out 4-3 (Groundball, 4, EV 85.0 MPH)
Batting: RHB Miguel Cabrera Jr. 0-0: Ball
1-0: Swinging Strike
1-1: Fly out, F7 (Flyball, 7S, EV 87.5 MPH)
Pitching: RHP Stu White
Batting: LHB Joey Wright 0-0: Ball
1-0: Called Strike
1-1: Foul Ball, location: 2F
1-2: Foul Ball, location: 2F
1-2: Foul Ball, location: 9LMF
1-2: Ball
2-2: Foul Ball, location: 7LMF
2-2: SINGLE (Line Drive, 6M, EV 104.4 MPH)
Batting: SHB Chris Whitehead 0-0: Swinging Strike
0-1: Ball
1-1: Ball
2-1: Foul Ball, location: 7LDF
2-2: SINGLE (Line Drive, 4D, EV 96.3 MPH)
Joey Wright to second
Batting: RHB Joe Morrow 0-0: Swinging Strike
0-1: Ball
1-1: SINGLE (Line Drive, 9S, EV 91.3 MPH)
Joey Wright to third
Chris Whitehead to second
Batting: RHB Luis Antonio Vázquez 0-0: Swinging Strike
0-1: Ball
1-1: Ball
2-1: Swinging Strike
2-2: Ball
3-2: Foul Ball, location: 3SF
3-2: Strikes out swinging
Top of the 1st over - 0 runs, 3 hits, 0 errors, 3 left on base; Charleston 0 - Fredericksburg 0
BOTTOM OF THE 1ST
Fredericksburg Nationals batting - Pitching for Charleston RiverDogs : LHP Mike Buck
Pitching: LHP Mike Buck
Batting: RHB Jesús Balderas 0-0: Called Strike
0-1: Hit by Pitch
Batting: RHB Víctor Peña 0-0: Ball
1-0: Ball
2-0: SINGLE (Line Drive, 7S, EV 103.1 MPH)
Jesús Balderas to second
Batting: RHB Tim McKernan 0-0: Foul Ball, location: 5F
0-1: SINGLE (Groundball, 6D, EV 107.5 MPH)
Jesús Balderas to third
Víctor Peña to second
Batting: RHB Lonnie Dillard 0-0: Ball
1-0: Ball
2-0: Foul Ball, location: 2F
2-1: Swinging Strike
2-2: Strikes out swinging
Batting: RHB Jerry Campoamor 0-0: Ball
1-0: SINGLE (Groundball, 4M, EV 108.8 MPH) (infield hit)
Jesús Balderas scores
Víctor Peña to third
Tim McKernan to second
Batting: RHB Juan Ramírez 0-0: Called Strike
0-1: Ball
1-1: Ball
2-1: Swinging Strike
2-2: Ball
3-2: Fly out, F9 (Flyball, 9, EV 79.4 MPH)
Runner from 3rd tags up, OUT at HOME! 9-2
Bottom of the 1st over - 1 run, 3 hits, 0 errors, 2 left on base; Charleston 0 - Fredericksburg 1
TOP OF THE 2ND
Charleston RiverDogs batting - Pitching for Fredericksburg Nationals : RHP Stu White
Pinch Hitting: LHB Jorge Martínez 0-0: Ball
1-0: Swinging Strike
1-1: Ball
2-1: Fly out, F7 (Flyball, 7LSF, EV 88.8 MPH)
Batting: RHB Jesús Ramos 0-0: Foul Ball, location: 2F
0-1: Ball
1-1: Ball
2-1: Ball
3-1: Called Strike
3-2: Base on Balls
Batting: SHB Mauro Chicas 0-0: Ball
Jesús Ramos steals 2nd base
1-0: Called Strike
1-1: Fly out, F9 (Flyball, 89M, EV 93.8 MPH)
Batting: LHB António Hernández 0-0: Ball
1-0: Called Strike
1-1: Swinging Strike
1-2: Ball
2-2: Foul Ball, location: 23FF
2-2: Strikes out looking
Top of the 2nd over - 0 runs, 0 hits, 0 errors, 1 left on base; Charleston 0 - Fredericksburg 1
BOTTOM OF THE 2ND
Fredericksburg Nationals batting - Pitching for Charleston RiverDogs : LHP Mike Buck
Now at 2B: Jerry Robinson
Batting: RHB Juan Padrel 0-0: Ground out 5-3 (Groundball, 56, EV 80.6 MPH)
Batting: LHB Steve Norton 0-0: Ball
1-0: Foul Ball, location: 3F
1-1: Swinging Strike
1-2: Strikes out looking
Batting: RHB Augusto Cruz 0-0: Hit by Pitch
Batting: RHB Jesús Balderas 0-0: Called Strike
0-1: Foul Ball, location: 9LSFF
0-2: Strikes out swinging
Bottom of the 2nd over - 0 runs, 0 hits, 0 errors, 1 left on base; Charleston 0 - Fredericksburg 1
TOP OF THE 3RD
Charleston RiverDogs batting - Pitching for Fredericksburg Nationals : RHP Stu White
Batting: RHB Miguel Cabrera Jr. 0-0: Called Strike
0-1: SINGLE (Flyball, 34D, EV 95.6 MPH)
Batting: LHB Joey Wright 0-0: Ball
Miguel Cabrera Jr. steals 2nd base
1-0: Ball
2-0: Ball
3-0: Base on Balls
Batting: SHB Chris Whitehead 0-0: Ball
1-0: Ball
2-0: Foul Ball, location: 2F
2-1: Called Strike
2-2: 3-RUN HOME RUN (Flyball, 9LD, EV 91.3 MPH), Distance : 335 ft
Pitching: RHP Von Wilson
Batting: RHB Joe Morrow 0-0: Called Strike
0-1: Swinging Strike
0-2: Foul Ball, location: 23F
0-2: Ball
1-2: Strikes out swinging
Batting: RHB Luis Antonio Vázquez 0-0: Ball
1-0: Foul Ball, location: 23F
1-1: Swinging Strike
1-2: Ball
2-2: Ball
3-2: Foul Ball, location: 2F
3-2: Base on Balls
Batting: RHB Jerry Robinson 0-0: Ball
1-0: Called Strike
1-1: Foul Ball, location: 3FF
1-2: Strikes out swinging
Batting: RHB Jesús Ramos 0-0: Fly out, F6 (Popup, 6MS, EV 76.9 MPH)
Top of the 3rd over - 3 runs, 2 hits, 0 errors, 1 left on base; Charleston 3 - Fredericksburg 1
BOTTOM OF THE 3RD
Fredericksburg Nationals batting - Pitching for Charleston RiverDogs : LHP Mike Buck
Batting: RHB Víctor Peña 0-0: Foul Ball, location: 9LMF
0-1: Fly out, F8 (Flyball, 8LXD, EV 80.0 MPH)
Batting: RHB Tim McKernan 0-0: Foul Ball, location: 9LMF
0-1: DOUBLE (Line Drive, 9LS, EV 95.6 MPH)
Batting: RHB Lonnie Dillard 0-0: TRIPLE (Flyball, 9LD, EV 107.5 MPH)
Tim McKernan scores
Batting: RHB Jerry Campoamor 0-0: Fly out, F9 (Flyball, 9, EV 85.0 MPH)
Runner from 3rd tags up, SCORES, throw by RF
Batting: RHB Juan Ramírez 0-0: SINGLE (Groundball, 3D, EV 105.6 MPH)
Batting: RHB Juan Padrel 0-0: Swinging Strike
0-1: Ball
1-1: Foul Ball, location: 9LDF
1-2: Fly out, F4 (Popup, 4, EV 74.4 MPH)
Bottom of the 3rd over - 2 runs, 3 hits, 0 errors, 1 left on base; Charleston 3 - Fredericksburg 3
TOP OF THE 4TH
Charleston RiverDogs batting - Pitching for Fredericksburg Nationals : RHP Von Wilson
Batting: SHB Mauro Chicas 0-0: Called Strike
0-1: Called Strike
0-2: Foul Ball, location: 7LDF
0-2: Strikes out looking
Batting: LHB António Hernández 0-0: Ground out 4-3 (Groundball, 34, EV 94.4 MPH)
Batting: RHB Miguel Cabrera Jr. 0-0: Foul Ball, location: 3FF
0-1: Ball
1-1: Ball
2-1: Foul Ball, location: 3FF
2-2: DOUBLE (Line Drive, 78D, EV 105.0 MPH)
Batting: LHB Joey Wright 0-0: Ball
1-0: Foul Ball, location: 23F
1-1: Ball
2-1: Ball
3-1: Swinging Strike
3-2: Base on Balls
Batting: SHB Chris Whitehead 0-0: DOUBLE (Line Drive, 9LS, EV 111.3 MPH)
Miguel Cabrera Jr. scores
Joey Wright to third
Runner from 3rd tries for Home, SAFE, throw by RF to home
Batting: RHB Joe Morrow 0-0: Fly out, F9 (Flyball, 9, EV 98.1 MPH)
Top of the 4th over - 2 runs, 2 hits, 0 errors, 1 left on base; Charleston 5 - Fredericksburg 3
BOTTOM OF THE 4TH
Fredericksburg Nationals batting - Pitching for Charleston RiverDogs : LHP Mike Buck
Batting: LHB Steve Norton 0-0: Called Strike
0-1: Ground out 4-3 (Groundball, 4, EV 101.9 MPH)
Batting: RHB Augusto Cruz 0-0: Called Strike
0-1: DOUBLE (Flyball, 8RXD, EV 96.3 MPH)
Batting: RHB Jesús Balderas 0-0: Ball
1-0: Foul Ball, location: 25F
1-1: Swinging Strike
1-2: Strikes out looking
Batting: RHB Víctor Peña 0-0: Ball
1-0: Called Strike
1-1: Called Strike
1-2: Foul Ball, location: 2F
1-2: Strikes out swinging
Bottom of the 4th over - 0 runs, 1 hit, 0 errors, 1 left on base; Charleston 5 - Fredericksburg 3
TOP OF THE 5TH
Charleston RiverDogs batting - Pitching for Fredericksburg Nationals : RHP Von Wilson
Batting: RHB Luis Antonio Vázquez 0-0: Ball
1-0: Fly out, F7 (Line Drive, 7S, EV 89.4 MPH)
Batting: RHB Jerry Robinson 0-0: Called Strike
0-1: Ball
1-1: SINGLE (Groundball, 4D, EV 96.3 MPH)
Batting: RHB Jesús Ramos 0-0: Swinging Strike
0-1: Ball
Jerry Robinson is caught stealing 2nd base 2-4
1-1: Swinging Strike
1-2: Strikes out swinging
Top of the 5th over - 0 runs, 1 hit, 0 errors, 0 left on base; Charleston 5 - Fredericksburg 3
BOTTOM OF THE 5TH
Fredericksburg Nationals batting - Pitching for Charleston RiverDogs : LHP Mike Buck
Batting: RHB Tim McKernan 0-0: Called Strike
0-1: Foul Ball, location: 2RF
0-2: Strikes out swinging
Batting: RHB Lonnie Dillard 0-0: Ball
1-0: Fly out, F7 (Flyball, 7D, EV 102.5 MPH)
Batting: RHB Jerry Campoamor 0-0: Called Strike
0-1: Foul Ball, location: 9LSF
0-2: Foul Ball, location: 9LSF
0-2: Hit by Pitch
Batting: RHB Juan Ramírez 0-0: SINGLE (Groundball, 56D, EV 105.0 MPH)
Jerry Campoamor to second
Runner from 2nd tries for 3rd, OUT! 7-5
Bottom of the 5th over - 0 runs, 1 hit, 0 errors, 1 left on base; Charleston 5 - Fredericksburg 3
TOP OF THE 6TH
Charleston RiverDogs batting - Pitching for Fredericksburg Nationals : RHP Von Wilson
Batting: SHB Mauro Chicas 0-0: Called Strike
0-1: Ball
1-1: Foul Ball, location: 23FF
1-2: SINGLE (Line Drive, 8LS, EV 104.4 MPH)
Batting: LHB António Hernández 0-0: Swinging Strike
0-1: Foul Ball, location: 2F
0-2: SINGLE (Line Drive, 3D, EV 104.4 MPH)
Mauro Chicas to second
Batting: RHB Miguel Cabrera Jr. 0-0: Swinging Strike
0-1: Called Strike
0-2: Foul Ball, location: 5FF
0-2: Ball
1-2: Ball
2-2: Strikes out swinging
Pitching: LHP Lance Rickard
Batting: LHB Joey Wright 0-0: Ball
1-0: Ball
2-0: Called Strike
2-1: Ball
3-1: Foul Ball, location: 7LMF
3-2: Fly out, F3 (Popup, 23F, EV 85.6 MPH)
Batting: SHB Chris Whitehead 0-0: Called Strike
0-1: Ball
1-1: Hit by Pitch
Mauro Chicas to third
António Hernández to second
Batting: RHB Joe Morrow 0-0: Foul Ball, location: 25F
0-1: Ball
1-1: Ball
2-1: Ball
3-1: Base on Balls
Mauro Chicas scores
António Hernández to third
Chris Whitehead to second
Batting: RHB Luis Antonio Vázquez 0-0: Ball
1-0: Ball
2-0: Ball
3-0: Base on Balls
António Hernández scores
Chris Whitehead to third
Joe Morrow to second
Batting: RHB Jerry Robinson 0-0: Ball
1-0: Ground out 5-3 (Groundball, 56S, EV 69.4 MPH)
Top of the 6th over - 2 runs, 2 hits, 0 errors, 3 left on base; Charleston 7 - Fredericksburg 3
BOTTOM OF THE 6TH
Fredericksburg Nationals batting - Pitching for Charleston RiverDogs : LHP Mike Buck
Batting: RHB Juan Padrel 0-0: Ball
1-0: Called Strike
1-1: Foul Ball, location: 7LMF
1-2: Strikes out looking
Batting: LHB Steve Norton 0-0: Ball
1-0: Foul Ball, location: 2LF
1-1: Ball
2-1: Foul Ball, location: 23F
2-2: Foul Ball, location: 5SF
2-2: Ball
3-2: Strikes out swinging
Batting: RHB Augusto Cruz 0-0: Ground out 4-3 (Groundball, 4, EV 106.9 MPH)
Bottom of the 6th over - 0 runs, 0 hits, 0 errors, 0 left on base; Charleston 7 - Fredericksburg 3
TOP OF THE 7TH
Charleston RiverDogs batting - Pitching for Fredericksburg Nationals : LHP Lance Rickard
Batting: RHB Jesús Ramos 0-0: Foul Ball, location: 2F
0-1: Called Strike
0-2: Strikes out swinging
Batting: SHB Mauro Chicas 0-0: Ball
1-0: Fly out, F7 (Flyball, 7S, EV 97.5 MPH)
Batting: LHB António Hernández 0-0: Ball
1-0: Ball
2-0: Foul Ball, location: 25FF
2-1: Ball
3-1: Swinging Strike
3-2: Base on Balls
Batting: RHB Miguel Cabrera Jr. 0-0: Called Strike
António Hernández is caught stealing 2nd base 2-4
Top of the 7th over - 0 runs, 0 hits, 0 errors, 0 left on base; Charleston 7 - Fredericksburg 3
BOTTOM OF THE 7TH
Fredericksburg Nationals batting - Pitching for Charleston RiverDogs : LHP Mike Buck
Batting: RHB Jesús Balderas 0-0: Called Strike
0-1: Ball
1-1: Ball
2-1: Ball
3-1: Base on Balls
Batting: RHB Víctor Peña 0-0: Fly out, F7 (Flyball, 7LM, EV 110.6 MPH)
Batting: RHB Tim McKernan 0-0: Ball
1-0: Ball
2-0: Ball
3-0: Base on Balls
Jesús Balderas to second
Batting: RHB Lonnie Dillard 0-0: Foul Ball, location: 2RF
0-1: Called Strike
0-2: Ball
1-2: Ball
2-2: SINGLE (Line Drive, 6MD, EV 69.4 MPH)
Jesús Balderas to third
Tim McKernan to second
Batting: RHB Jerry Campoamor 0-0: Foul Ball, location: 2F
0-1: Ball
1-1: Foul Ball, location: 2F
1-2: Foul Ball, location: 2F
1-2: Ball
2-2: Strikes out swinging
Pinch Hitting: SHB Mike González 0-0: Ball
1-0: Swinging Strike
1-1: Called Strike
1-2: Strikes out swinging
Bottom of the 7th over - 0 runs, 1 hit, 0 errors, 3 left on base; Charleston 7 - Fredericksburg 3
TOP OF THE 8TH
Charleston RiverDogs batting - Pitching for Fredericksburg Nationals : LHP Lance Rickard
Now at SS: Mike González
Batting: RHB Miguel Cabrera Jr. 0-0: Called Strike
0-1: Ball
1-1: Ground out 3-1 (Groundball, 34S, EV 88.8 MPH)
Batting: LHB Joey Wright 0-0: Called Strike
0-1: Foul Ball, location: 5F
0-2: Strikes out swinging
Batting: SHB Chris Whitehead 0-0: Ball
1-0: Reached on error, E5 (Groundball, 56S, EV 91.3 MPH)
Batting: RHB Joe Morrow 0-0: Ball
Chris Whitehead steals 2nd base
1-0: Called Strike
1-1: SINGLE (Line Drive, 6MD, EV 97.5 MPH)
Chris Whitehead to third
Batting: RHB Luis Antonio Vázquez 0-0: Called Strike
0-1: Ball
1-1: Called Strike
1-2: Ball
2-2: Strikes out swinging
Top of the 8th over - 0 runs, 1 hit, 1 error, 2 left on base; Charleston 7 - Fredericksburg 3
BOTTOM OF THE 8TH
Fredericksburg Nationals batting - Pitching for Charleston RiverDogs : LHP Mike Buck
Pinch Hitting: RHB José Salquero 0-0: Ball
1-0: Swinging Strike
1-1: Called Strike
1-2: Ball
2-2: Ball
3-2: Strikes out looking
Pitching: RHP António Barrón
Batting: LHB Steve Norton 0-0: Called Strike
0-1: Called Strike
0-2: Foul Ball, location: 5SF
0-2: Ball
1-2: Strikes out looking
Batting: RHB Augusto Cruz 0-0: Called Strike
0-1: Ball
1-1: Foul Ball, location: 5FF
1-2: Ball
2-2: Foul Ball, location: 3SF
2-2: Strikes out swinging
Bottom of the 8th over - 0 runs, 0 hits, 0 errors, 0 left on base; Charleston 7 - Fredericksburg 3
TOP OF THE 9TH
Charleston RiverDogs batting - Pitching for Fredericksburg Nationals : LHP Lance Rickard
Now at 3B: José Rivera
Batting: RHB Jerry Robinson 0-0: Ball
1-0: Ball
2-0: Foul Ball, location: 9LSF
2-1: Ball
3-1: Base on Balls
Pitching: LHP Jerry Clark
Batting: RHB Jesús Ramos 0-0: Ball
1-0: Foul Ball, location: 2F
1-1: Ball
2-1: DOUBLE (Line Drive, 5D, EV 99.4 MPH)
Jerry Robinson to third
Pinch Hitting: RHB Víctor Morales 0-0: Called Strike
0-1: Ball
1-1: Fly out, F6 (Popup, 6S, EV 63.8 MPH)
Batting: LHB António Hernández 0-0: Fly out, F5 (Line Drive, 56, EV 94.4 MPH)
Batting: RHB Miguel Cabrera Jr. 0-0: Called Strike
0-1: Ball
1-1: Ball
2-1: Ball
3-1: Foul Ball, location: 25FF
3-2: Foul Ball, location: 3F
3-2: Fly out, F9 (Flyball, 89S, EV 88.8 MPH)
Top of the 9th over - 0 runs, 1 hit, 0 errors, 2 left on base; Charleston 7 - Fredericksburg 3
BOTTOM OF THE 9TH
Fredericksburg Nationals batting - Pitching for Charleston RiverDogs : RHP António Barrón
Now at C: Dave Arrington
Pinch Hitting: LHB Jud Foster 0-0: Called Strike
0-1: Ball
1-1: Foul Ball, location: 2F
1-2: Foul Ball, location: 2LF
1-2: Ball
2-2: Ground out 1-3 (Groundball, 13S, EV 65.0 MPH)
Pinch Hitting: LHB Orlando Jiménez 0-0: Called Strike
0-1: Fly out, F2 (Popup, 23F, EV 81.9 MPH)
Batting: RHB Tim McKernan 0-0: Called Strike
0-1: Called Strike
0-2: Foul Ball, location: 2F
0-2: Ball
1-2: Ball
2-2: Foul Ball, location: 9LDF
2-2: Ball
3-2: Foul Ball, location: 5FF
3-2: Foul Ball, location: 2LF
3-2: Base on Balls
Batting: RHB Lonnie Dillard 0-0: Ball
Passed Ball!
Tim McKernan to second
1-0: Fly out, F7 (Flyball, 78S, EV 88.1 MPH)
Bottom of the 9th over - 0 runs, 0 hits, 0 errors, 1 left on base; Charleston 7 - Fredericksburg 3
Monday, April 1st , 2024 - OOTP Baseball 24.10 Build 82